 Dungeon Crawl Stone Soup version 0.21.1-1-g345015f (webtiles) character file.

1537 wojtek the Chopper (level 8, -8/70 HPs)
             Began as a Minotaur Fighter on July 13, 2018.
             Was a Believer of Okawaru.
             Mangled by a two-headed ogre
             ... wielding a +0 giant club
              (21 damage)
             ... on level 7 of the Dungeon.
             The game lasted 00:06:57 (5991 turns).

wojtek the Chopper (Minotaur Fighter)               Turns: 5991, Time: 00:06:58

Health: -8/70      AC: 10    Str: 23    XL:     8   Next: 56%
Magic:  10/10      EV: 10    Int:  5    God:    Okawaru [**....]
Gold:   536        SH: 10    Dex: 10    Spells: 7/7 levels left

rFire    . . .     SeeInvis .   a - +0 war axe
rCold    + . .     Gourm    .   c - +0 shield
rNeg     . . .     Faith    .   b - +0 scale mail
rPois    .         Spirit   .   (helmet restricted)
rElec    .         Reflect  .   x - +0 cloak
rCorr    .         Harm     .   y - +0 pair of gloves
MR       .....                  (no boots)
Stlth    ..........             (no amulet)
HPRegen  0.21/turn              s - ring of protection from cold
MPRegen  0.12/turn              (no ring)

@: no status effects
A: retaliatory headbutt, horns 2
a: Heroism, Renounce Religion


You were on level 7 of the Dungeon.
You worshipped Okawaru.
Okawaru was pleased with you.
You were not hungry.

You visited 1 branch of the dungeon, and saw 8 of its levels.

You collected 536 gold pieces.

Inventory:

Hand Weapons
 a - a +0 war axe (weapon)
Missiles
 v - 3 throwing nets (quivered)
Armour
 b - a +0 scale mail (worn)
 c - a +0 shield (worn)
 x - a +0 cloak (worn)
 y - a +0 pair of gloves (worn)
Jewellery
 s - a ring of protection from cold (left hand)
Wands
 w - a wand of acid (4)
Scrolls
 e - 4 scrolls of enchant weapon
 h - 2 scrolls of fog
 i - 2 scrolls of remove curse {unknown}
 l - 2 scrolls of identify
 o - 6 scrolls of teleportation {unknown}
 p - a scroll of immolation
 t - a scroll of blinking
 z - a scroll of magic mapping {unknown}
 A - a scroll of brand weapon {unknown}
Potions
 d - 3 potions of might
 g - 2 potions of cancellation {unknown}
 j - 5 potions of lignification {unknown}
 k - 3 potions of degeneration {unknown}
 n - 3 potions of invisibility {unknown}
 q - a potion of flight {unknown}
 r - 2 potions of mutation {unknown}
 u - 7 potions of curing {unknown}
Comestibles
 f - 15 rations
 m - 3 chunks of flesh


   Skills:
 + Level 5.9 Fighting
 + Level 7.5 Axes
 + Level 5.9 Armour
 + Level 4.0 Dodging
 + Level 5.8 Shields
 + Level 4.1 Invocations


You had 7 spell levels left.
You didn't know any spells.

Dungeon Overview and Level Annotations

Branches:
Dungeon (8/15)             Temple (0/1) D:4
   Lair: D:8-11

Altars:
Gozag
Kikubaaqudgha
Nemelex Xobeh
Okawaru
Trog

Shops:
D:4 *(

Annotations:
D:2 Terence


Innate Abilities, Weirdness & Mutations

You reflexively headbutt those who attack you in melee.
You have a pair of horns on your head.


Message History

You block the two-headed ogre's attack. x2
You hit the two-headed ogre but do no damage.
The two-headed ogre is moderately wounded.
The two-headed ogre barely misses you. You furiously retaliate!
You headbutt the two-headed ogre.
The two-headed ogre hits you with a giant spiked club.
You barely miss the two-headed ogre. You headbutt the two-headed ogre!
The two-headed ogre is heavily wounded.
You block the two-headed ogre's attack.
The two-headed ogre hits you with a giant spiked club!
You are too injured to fight recklessly!
You hit the two-headed ogre but do no damage.
The two-headed ogre is heavily wounded.
The two-headed ogre hits you with a giant club!
* * * LOW HITPOINT WARNING * * *
The two-headed ogre closely misses you.
The two-headed ogre hits you with a giant club!
* * * LOW HITPOINT WARNING * * *
The two-headed ogre hits you with a giant spiked club!!
You die...

.#
#.>......#########.######
.# ##....##.#.........#
(# #....##.#.#######.# .#
#....##....# #.# .#
#....####..# #.# .#
#....# #..# #.# .# #....#
#..######.#### .#
#....####..#.........# .#
##....O@...#.####.##.# ##
#####.#######.#.# #.##)#
#.......# #.#.# #.##)#
#.......# #.#.####.##)#
#..[....# #.#......##.#
#.......# #.#########.##
#.......# #............#
#.......# ##############
#.......#


You could see a two-headed ogre.

Vanquished Creatures
  The ghost of olivier the Covered, an amateur DsFi (D:4)
  Prince Ribbit (D:7)
  An orc warrior (D:7)
  A black bear (D:7)
  A centaur (D:5)
  An ogre (D:6)
  2 bullfrogs
  A scorpion (D:4)
  6 hounds
  A bullfrog zombie (D:5)
  2 jellies (D:7)
  Jessica (D:2)
  4 worker ants
  A hound skeleton (D:7)
  10 adders
  An ooze (D:3)
  3 worms
  2 dart slugs
  6 leopard geckos
  22 orcs
  7 bats
  A giant cockroach (D:1)
  13 goblins
  5 hobgoblins
  8 jackals
  A quokka (D:2)
  2 ball pythons
  3 frilled lizards
  6 kobolds
  A quokka zombie (D:5)
  3 rats
118 creatures vanquished.

Notes
Turn   | Place    | Note
-------+----------+-------------------------------------------
     0 | D:1      | wojtek the Minotaur Fighter began the quest for the Orb.
     0 | D:1      | Reached XP level 1. HP: 19/19 MP: 0/0
    56 | D:1      | Reached skill level 3 in Axes
   127 | D:1      | Reached XP level 2. HP: 20/26 MP: 1/1
   590 | D:1      | Reached skill level 4 in Axes
   801 | D:2      | Reached XP level 3. HP: 31/31 MP: 2/2
  1205 | D:2      | Reached skill level 5 in Axes
  1315 | D:2      | Found an opulent altar of Gozag.
  1315 | D:2      | Found a sparkling altar of Nemelex Xobeh.
  1316 | D:2      | Found a bloodstained altar of Trog.
  1316 | D:2      | Found an iron altar of Okawaru.
  1370 | D:2      | Became a worshipper of Warmaster Okawaru
  1511 | D:2      | Reached XP level 4. HP: 39/39 MP: 3/3
  1540 | D:2      | Noticed Jessica
  1552 | D:2      | Killed Jessica
  1552 | D:2      | Reached skill level 1 in Invocations
  1754 | D:2      | Noticed Terence
  2006 | D:3      | Reached XP level 5. HP: 43/45 MP: 5/5
  2306 | D:3      | Found a faded altar of an unknown god.
  2574 | D:4      | Found Uxovos's Weapon Boutique.
  2574 | D:4      | Noticed olivier's ghost (amateur DsFi)
  2591 | D:4      | Killed olivier's ghost
  2591 | D:4      | Reached * piety under Okawaru
  2591 | D:4      | Reached skill level 6 in Axes
  2591 | D:4      | Reached skill level 1 in Dodging
  2591 | D:4      | Reached XP level 6. HP: 28/52 MP: 6/6
  2776 | D:4      | Found Kimewk's Assorted Antiques.
  3038 | D:4      | Found a staircase to the Ecumenical Temple.
  3220 | D:4      | Found Giob's Assorted Antiques.
  3333 | D:4      | Found an ancient bone altar of Kikubaaqudgha.
  3455 | D:5      | Entered Level 5 of the Dungeon
  3461 | D:5      | Reached XP level 7. HP: 57/60 MP: 8/8
  4002 | D:6      | Reached skill level 5 in Shields
  4014 | D:6      | Reached skill level 5 in Fighting
  4180 | D:6      | Reached ** piety under Okawaru
  4180 | D:6      | Reached skill level 5 in Armour
  4433 | D:7      | Noticed Prince Ribbit
  4443 | D:7      | Killed Prince Ribbit
  4443 | D:7      | Reached skill level 7 in Axes
  4443 | D:7      | Reached XP level 8. HP: 52/68 MP: 9/9
  5584 | D:8      | Noticed a two-headed ogre
  5991 | D:7      | Mangled by a two-headed ogre

Skill      XL: |  1  2  3  4  5  6  7  8 |
---------------+-------------------------+-----
Axes           | 3 4 5 6 7 |  7.5
Invocations    | 1 2 3 4 |  4.1
Fighting       | 4 5 |  5.9
Armour         | 4 5 |  5.9
Dodging        | 1 2 3 4 |  4.0
Shields        | 4 5 |  5.8

Action                   |  1- 3 |  4- 6 |  7- 9 || total
-------------------------+-------+-------+-------++-------
Melee: War axe           |    96 |   137 |   117 ||   350
       Headbutt          |     5 |    23 |    23 ||    51
       Unarmed           |       |     8 |       ||     8
  Use: Scroll            |       |       |     4 ||     4
  Eat: Chunk             |     2 |     6 |     8 ||    16
Armor: Scale mail        |    40 |    51 |    46 ||   137
Dodge: Dodged            |    34 |    35 |    60 ||   129
Block: Shield            |    43 |    69 |    79 ||   191
